 Dungeon Crawl Stone Soup version 0.19.4-9-g45fd643 (webtiles) character file.

441 galech the Ruffian (level 6, -6/62 HPs)
             Began as a Troll Monk on Feb 21, 2017.
             Killed by divine providence
             ... invoked by an orc priest
              (13 damage)
             ... on level 4 of the Dungeon.
             The game lasted 00:04:48 (2307 turns).

galech the Ruffian (Troll Monk)                     Turns: 2307, Time: 00:04:49

Health: -6/62      AC:  6    Str: 22    XL:     6   Next: 70%
Magic:  5/5        EV: 11    Int:  6    God:
Gold:   116        SH:  0    Dex: 12    Spells: 0 memorised, 5 levels left

rFire  . . .     SeeInvis .       - Unarmed
rCold  . . .     Gourm    +     t - +0 robe (curse)
rNeg   . . .     Faith    .     (no shield)
rPois  +         Spirit   .     (helmet restricted)
rElec  .         Reflect  .     s - +0 cloak
rCorr  .         Harm     .     (gloves unavailable)
MR     .....                    (boots unavailable)
Stlth  ++........               (no amulet)
                                w - ring of poison resistance
                                p - ring of flight

@: no status effects
A: unfitting armour, claws 3, fast metabolism 3, gourmand, regeneration 1,
shaggy fur 1, tough skin 2
a: Evoke Flight


You were on level 4 of the Dungeon.
You were completely stuffed.

You visited 1 branch of the dungeon, and saw 4 of its levels.

You collected 116 gold pieces.

Inventory:

Armour
 a - a +0 robe
 s - a +0 cloak (worn)
 t - a cursed +0 robe (worn)
Jewellery
 p - a ring of flight (left claw)
 w - a ring of poison resistance (right claw)
Wands
 n - a wand of lightning (11/15)
Scrolls
 c - 2 scrolls of magic mapping {unknown}
 d - a scroll of blinking {unknown}
 e - 2 scrolls of remove curse {unknown}
 g - 5 scrolls of identify {unknown}
 k - a scroll of fog {unknown}
 l - a scroll of enchant weapon {unknown}
 v - a scroll of random uselessness {unknown}
Potions
 f - 2 potions of curing
 h - a potion of cure mutation {unknown}
 i - 3 potions of agility {unknown}
 j - a potion of mutation {unknown}
 m - a potion of cancellation {unknown}
 o - 3 potions of degeneration {unknown}
 r - a potion of flight {unknown}
Books
 u - a book of Misfortune

   Spells                             Type                      Level
   a - Confusing Touch                Hexes                        1
   b - Confuse                        Hexes                        3
   c - Gell's Gravitas                Hexes/Translocation          3
   d - Petrify                        Transmutation/Earth          4
   e - Metabolic Englaciation         Hexes/Ice                    5
   f - Yara's Violent Unravelling     Hexes/Transmutation          5
Comestibles
 b - 6 bread rations
 q - 2 chunks of flesh
 x - a slice of pizza


   Skills:
 + Level 3.9 Fighting
 + Level 4.1 Dodging
 - Level 1.2 Stealth
 + Level 5.1 Unarmed Combat


You had 5 spell levels left.
You didn't know any spells.

Dungeon Overview and Level Annotations

Branches:
Dungeon (4/15)
 Temple: D:4-7

Altars:
Fedhas
Ru
Zin
The Shining One


Innate Abilities, Weirdness & Mutations

You are too large for most types of armour.
You have claws for hands.
Your metabolism is lightning-fast.
You like to eat raw meat.
Your natural rate of healing is unusually fast.
You are covered in fur. (AC +1)
You have very tough skin. (AC +2)


Message History

You are too injured to fight recklessly!
You are too injured to fight recklessly!
You are too injured to fight recklessly!
You are too injured to fight recklessly!
You are too injured to fight recklessly!
You are too injured to fight recklessly!
You are too injured to fight recklessly!
The orc priest looks satisfied for a moment.
The orc priest looks satisfied for a moment.
The orc priest invokes the aid of Beogh against you.
Beogh smites you!
* * * LOW HITPOINT WARNING * * *
The orc priest looks encouraged for a moment.
The orc priest calls down the wrath of Beogh upon you.
Beogh smites you!
* * * LOW HITPOINT WARNING * * *
There is a stone staircase leading up here.
The orc priest mumbles some strange prayers to Beogh against you.
Beogh smites you!
You die...

#.#.#####.# .. #
#.#.#.....#...>
#.#.#.#.###.#.#..
#.$.....#.......
#...o.......#..#
#...#o#o###.#.#..#.#
#. #.#.# #.#.#..#.#
..##.#.###.#.#..#.#
........ooo....o@#.#
##.##.#######.#....#
#.........'.(..#
#########.#...##
#.#...# #.#...#
#.##### #.# #.#


You could see an orc priest and 2 orcs.

Vanquished Creatures
  A phantom (D:4)
  A bullfrog (D:3)
  The ghost of Agrougrou the Skirmisher, a weakling OgFi (D:3)
  An orc priest (D:3)
  Natasha (thrice) (D:3)
  5 adders
  2 oozes (D:2)
  A worm (D:2)
  2 dart slugs
  2 leopard geckos
  7 orcs
  5 bats
  4 giant cockroaches
  9 goblins
  8 hobgoblins
  3 jackals (D:1)
  2 frilled lizards
  6 kobolds
  10 rats
  A plant (D:1)
74 creatures vanquished.

Notes
Turn   | Place    | Note
-------+----------+-------------------------------------------
     0 | D:1      | galech the Troll Monk began the quest for the Orb.
     0 | D:1      | Reached XP level 1. HP: 22/22 MP: 0/0
   294 | D:1      | Reached XP level 2. HP: 29/29 MP: 1/1
   777 | D:2      | Reached XP level 3. HP: 20/36 MP: 2/2
  1152 | D:2      | Reached XP level 4. HP: 44/44 MP: 3/3
  1310 | D:2      | Found a glowing golden altar of the Shining One.
  1330 | D:2      | Reached skill level 4 in Unarmed Combat
  1446 | D:3      | Noticed Natasha
  1453 | D:3      | Killed Natasha
  1531 | D:3      | Found a blossoming altar of Fedhas.
  1553 | D:3      | Noticed a bullfrog
  1555 | D:3      | Noticed Agrougrou's ghost (weakling OgFi)
  1566 | D:3      | Killed a bullfrog
  1566 | D:3      | Reached XP level 5. HP: 40/53 MP: 4/4
  1666 | D:3      | Killed Agrougrou's ghost
  1772 | D:3      | Found a sacrificial altar of Ru.
  1868 | D:3      | Found a glowing silver altar of Zin.
  1907 | D:3      | Reached XP level 6. HP: 50/61 MP: 5/5
  2035 | D:3      | Noticed Natasha
  2040 | D:3      | Killed Natasha
  2044 | D:3      | Noticed Natasha
  2052 | D:3      | Killed Natasha
  2268 | D:4      | Reached skill level 5 in Unarmed Combat
  2307 | D:4      | Killed from afar by an orc priest

Skill      XL: |  1  2  3  4  5  6 |
---------------+-------------------+-----
Dodging        | 3 4 |  4.1
Unarmed Combat | 4 5 |  5.1
Fighting       | 3 |  3.9
Stealth        | |  1.2

Action                   |  1- 3 |  4- 6 || total
-------------------------+-------+-------++-------
Melee: Unarmed           |   106 |   141 ||   247
       Punch             |       |     1 ||     1
 Stab: Sleeping          |     2 |     1 ||     3
       Distracted        |     1 |       ||     1
  Eat: Chunk             |    16 |    11 ||    27
Armor: Robe              |    17 |    34 ||    51
Dodge: Dodged            |    39 |    76 ||   115
